 Dungeon Crawl Stone Soup version 0.30-a0-462-gd5975efbca (webtiles) character file.

Game seed: 13370371515929322750

7 holysushi the Grave Robber (level 1, -30/10 (11) HPs)
             Began as a Vampire Necromancer on Dec 16, 2022.
             Killed by an exploding hobgoblin (37 damage)
             ... ignited by their inner flame
             ... on level 1 of the Dungeon.
             The game lasted 00:02:20 (358 turns).

holysushi the Grave Robber (Vampire Necromancer)     Turns: 358, Time: 00:02:21

HP:   -30/10 (11)   AC:  2    Str:  7    XL:     1   Next: 91%
MP:   3/3           EV: 12    Int: 17    God:
Gold: 0             SH:  0    Dex: 14    Spells: 3/4 levels left

rFire   . . .      SeeInvis +    d - +0 dagger
rCold   + . .      Faith    .    (no shield)
rNeg    . . .      Spirit   .    a - +0 robe
rPois   .          Reflect  .    (no helmet)
rElec   .          Harm     .    (no cloak)
rCorr   .          Rampage  .    (no gloves)
Will    .....                    (no boots)
Stlth   ++........               (no amulet)
HPRegen 0.41/turn                f - ring of protection from cold
MPRegen 0.08/turn                (no ring)

@: healing quickly, drained
A: alive, fangs 3, see invisible, vampiric 1, [frail 1]
a: Exsanguinate


You were on level 1 of the Dungeon.
You visited 1 branch of the dungeon, and saw 1 of its levels.

Inventory:

Hand Weapons
 d - a +0 dagger (weapon)
Armour
 a - a +0 robe (worn)
Jewellery
 f - a ring of protection from cold (left hand)
Scrolls
 g - a scroll of fog {unknown}
Potions
 b - a potion of magic


   Skills:
 + Level 2.4 Dodging
 + Level 3.3 Stealth
 + Level 2.1 Spellcasting
 + Level 4.5 Necromancy


You had 3 spell levels left.
You knew the following spells:

 Your Spells              Type           Power      Damage    Failure   Level
a - Necrotise             Necr           68%        1d7       3%          1

Your spell library contained the following spells:

 Spells                   Type           Power      Damage    Failure   Level
 Vampiric Draining        Necr           17%        2d7       9%          3
 Ozocubu's Armour         Ice            1%         N/A       50%         3
 Animate Dead             Necr           17%        N/A       30%         4
 Agony                    Necr           17%        N/A       63%         5
 Metabolic Englaciation   Hex/Ice        0%         N/A       99%         5
 Simulacrum               Ice/Necr       4%         N/A       100%        6


Dungeon Overview and Level Annotations

Branches:
Dungeon (1/15) Zot: 5642

Altars:


Innate Abilities, Weirdness & Mutations

Your natural rate of healing is accelerated.
You have razor-sharp teeth.
You have supernaturally acute eyesight. (SInv)
You are afflicted with vampirism.
[You are frail. (-10% HP)]


Message History

The hobgoblin hits you.
You aren't carrying any items that you can evoke.
Unknown command.
Okay, then.
It was a potion of ambrosia.
You are confused.
You feel invigorated. The hobgoblin closely misses you. The hobgoblin hits you.
The goblin hits you with a +0 dagger of draining.
You feel drained.
You feel less invigorated.
You feel less confused. The hobgoblin hits you. The goblin misses you.
The hobgoblin attacks as you move away! The hobgoblin closely misses you.
A bat comes into view.
It was a potion of curing.
You feel better. The hobgoblin hits you.
Ouch! That really hurt!
The bat closely misses you. The bat hits you. The bat attacks as you move away!
The bat barely misses you. The bat hits you.
You feel better.
You aren't carrying any items that you can evoke.
Unknown command.
As you read the scroll labelled TUIVIO INOGG, it crumbles to dust.
The creatures around you are filled with an inner flame!
It was a scroll of immolation.
The goblin attacks as you move away! The goblin misses you.
You barely miss the hobgoblin. Your bite misses the hobgoblin.
The hobgoblin barely misses you.
You hit the hobgoblin but do no damage. The bat barely misses you.
The hobgoblin hits you.
You hit the hobgoblin.
Flame seeps out of the hobgoblin.
The hobgoblin is heavily wounded.
The bat hits you.
The hobgoblin is engulfed in blazing flames.
The hobgoblin explodes!
The fiery explosion engulfs you!!!
Ouch! That really hurt!
You die...

## ### ....# .# #.
.#.## ###. #. ... ...
#.###.# ###.###
#.....###.b...# ##
#.#......##.#@#
..###.......##.#○#
##.#..##........g#
.#....##.##..#.###
....................#
.................##.#
.................#
..........†.....#..
...............####


You could see a goblin and a bat (inner flame).

Vanquished Creatures
  A giant cockroach (D:1)
  A goblin (D:1)
  A hobgoblin (D:1)
  A kobold (D:1)
  4 bats (D:1)
8 creatures vanquished.

Notes
Turn   | Place    | Note
-------+----------+-------------------------------------------
     0 | D:1      | holysushi the Vampire Necromancer began the quest for the
                  | Orb.
     0 | D:1      | Reached XP level 1. HP: 13/13 MP: 3/3
   358 | D:1      | Killed by an exploding hobgoblin... ignited by their inner
                  | flame

Illustrated notes

Levels and vault maps discovered:
D:1:      co_arrival_hall_of_pillars, layout_loops_cross, serial_shops,
          nicolae_shop_statue_plus, dilly_ecumenical_altar_fadedgnrine

Action                   || total
-------------------------++-------
Melee: Dagger            ||    54
       Unarmed           ||    10
       Bite              ||     6
 Cast: Necrotise         ||     3
 Abil: Exsanguinate      ||     1
       Revivify          ||     1
  Use: Potion            ||     3
       Scroll            ||     1
Armor: Robe              ||    33
Dodge: Dodged            ||    68

Table legend: (Time is in decaauts)
 A = Elapsed time spent in this place.
 B = Non-inter-level travel time spent in this place.
 C = Inter-level travel time spent in this place.
 D = Time resting spent in this place.
 E = Time spent auto-exploring this place.
 F = Levels seen in this place.
 G = Mean time per level.
                   A        B        C        D        E       F      G
               +--------+--------+--------+--------+--------+-----+--------+
         Total |    357 |    357 |      0 |    127 |     14 |   1 |  357.0 |
       Dungeon |    357 |    357 |      0 |    127 |     14 |   1 |  357.0 |
               +--------+--------+--------+--------+--------+-----+--------+

Top non-repeatable levels by time:
     D:1: 357 daAuts
